Map: Ascension to Aiur LE

Players

SolO

  • Race: Zerg Zerg
  • Spawn Location: 11:00

Gerald - Winner!

  • Race: Protoss Protoss
  • Spawn Location: 5:00

Event: WCS Valencia 2017

VOD

Have the link to the VOD?

Description

Time

  • Played on: July 13, 2017, 6:48 a.m.
  • Length: 13:30

All games in this series

Show
View Real Time Build Order
Export as new Build Order

SolO Zerg 

Build Orders: Hatch First 

Get SALT Encoding   

  12  0:00  Drone  
  13  0:12  Overlord  
  13  0:17  Drone  
  14  0:30  Drone  
  14  0:31  Drone  
  14  0:35  Drone  
  17  0:51  Hatchery  
  17  0:55  Drone  
  17  0:58  Drone  
  18  1:11  Extractor  
  18  1:12  Drone  
  18  1:18  Spawning Pool  
  18  1:21  Drone  
  18  1:28  Drone  
  19  1:39  Drone  
  20  1:50  Overlord  
  20  2:04  Queen  
  20  2:05  Queen  
  20  2:06  Zergling x2  
  20  2:07  Zergling x2  
  26  2:11  Metabolic Boost  
  26  2:13  Drone  
  26  2:15  Drone  
  28  2:24  Drone  
  28  2:26  Drone  
  30  2:37  Hatchery  
  30  2:44  Queen  
  29  2:46  Drone  
  29  2:50  Overlord  
  32  2:53  Drone  
  32  2:55  Drone  
  34  3:01  Zergling x4  
  37  3:12  Drone  
  37  3:13  Drone x4  
  37  3:19  Overlord  
  41  3:23  Zergling x2  
  41  3:24  Zergling x4  
  43  3:37  Overlord  
  43  3:40  Drone  
  43  3:41  Extractor, Drone  
  45  3:42  Roach Warren  
  45  3:44  Drone x3  
  45  3:45  Drone  
  47  3:49  Queen  
  47  3:54  Overlord  
  49  3:57  Drone  
  49  4:01  Drone x2  
  52  4:05  Drone x3  
  55  4:12  Overlord  
  54  4:21  Lair  
  54  4:22  Drone  
  54  4:23  Drone x4  
  58  4:25  Overlord  
  58  4:31  Spore Crawler  
  58  4:33  Overlord  
  57  4:39  Roach  
  57  4:40  Evolution Chamber, Roach  
  57  4:44  Spore Crawler  
  57  4:45  Drone  
  59  4:46  Roach  
  59  4:50  Roach x2  
  65  4:53  Roach x2  
  65  4:57  Overlord  
  65  4:59  Zergling x2, Roach  
  72  5:03  Drone x2  
  72  5:05  Zergling x2, Roach  
  77  5:11  Zergling x2  
  77  5:12  Zergling x6  
  81  5:18  Zergling x4  
  83  5:24  Drone x2  
  85  5:29  Extractor, Hydralisk Den  
  85  5:32  Roach  
  85  5:33  Zergling x2, Roach  
  85  5:34  Zergling x8  
  84  5:47  Drone x5  
  84  5:49  Baneling Nest  
  88  5:50  Extractor  
  88  5:51  Overlord  
  85  5:58  Drone x5  
  88  6:06  Drone x2  
  88  6:07  Glial Reconstitution  
  88  6:09  Overlord  
  88  6:10  Overlord  
  90  6:15  Drone  
  90  6:16  Drone x3  
  94  6:20  Muscular Augments  
  93  6:35  Drone x8  
  99  6:43  Centrifical Hooks  
  99  6:44  Zerg Melee Weapons Level 1  
  97  6:54  Ravager  
  96  6:58  Overseer, Spore Crawler  
  92  7:01  Drone  
  92  7:02  Drone x6  
  92  7:04  Extractor x2  
  83  7:16  Drone x3  
  85  7:23  Hydralisk  
  85  7:24  Hydralisk x3  
  93  7:34  Drone  
  93  7:35  Drone x3  
  93  7:36  Hydralisk  
  93  7:37  Hydralisk x3  
  97  7:38  Hatchery  
  97  7:41  Hydralisk  
  97  7:42  Zergling x2  
  97  7:43  Zergling x2  
  108  7:48  Drone x3  
  111  7:51  Drone  
  111  7:54  Ravager x2  
  114  8:02  Overlord x4  
  114  8:07  Overseer  
  114  8:10  Overlord x3  
  114  8:24  Hydralisk x2  
  114  8:25  Hydralisk x3  
  122  8:33  Hydralisk x4  
  127  8:42  Zergling x10  
  127  8:43  Zergling x2  
  133  8:54  Baneling x3  
  133  8:55  Ravager x5  
  138  8:56  Zergling x6  
  139  9:06  Spore Crawler  
  139  9:08  Hydralisk x5  
  134  9:12  Drone  
  134  9:14  Drone x3  
  138  9:28  Drone  
  138  9:29  Infestation Pit  
  138  9:30  Drone, Zerg Missile Weapons Level 1  
  139  9:32  Hydralisk  
  139  9:33  Hydralisk x3  
  147  9:42  Queen  
  147  9:43  Drone x5  
  147  9:44  Drone  
  155  9:47  Overlord  
  155  9:51  Ravager  
  156  9:54  Overlord  
  156  9:58  Baneling x4  
  156  10:00  Overlord x2  
  156  10:03  Burrow  
  156  10:06  Queen  
  158  10:10  Pathogen Glands  
  158  10:11  Hive  
  158  10:16  Extractor, Drone x5  
  158  10:17  Hydralisk  
  164  10:27  Hydralisk  
  164  10:28  Hydralisk x4  
  174  10:39  Overlord  
  165  10:55  Infestor x3  
  171  11:00  Drone x2  
  171  11:01  Extractor  
  171  11:03  Infestor  
  174  11:08  Roach x4  
  182  11:16  Zergling x20  
  182  11:17  Zergling x4  
  194  11:19  Hatchery  
  194  11:22  Zergling x4  
  195  11:28  Evolution Chamber  
  194  11:35  Spore Crawler  
  194  11:36  Zergling x2  
  194  11:37  Zergling x12  
  200  11:42  Spire  
  189  12:11  Ravager x3, Viper x2  
  198  12:22  Overseer x4  
  131  12:45  Hydralisk  
  131  12:46  Hydralisk x15  
  149  12:51  Hydralisk  
  149  12:52  Hydralisk x4  
  149  12:53  Zergling x2  
  149  12:54  Zergling x22  
  171  12:59  Hydralisk x3  
  171  13:03  Overseer  
  171  13:04  Zergling x2  
Show
View Real Time Build Order
Export as new Build Order

Gerald Protoss - Winner!

Build Orders: 1 Gate Expand 

Get SALT Encoding   

  12  0:00  Probe (Chrono Boost)  
  13  0:11  Probe (Chrono Boost)  
  14  0:17  Pylon  
  14  0:22  Probe (Chrono Boost)  
  16  0:35  Probe (Chrono Boost)  
  16  0:38  Gateway  
  16  0:46  Probe (Chrono Boost)  
  16  0:48  Assimilator  
  17  0:56  Probe (Chrono Boost)  
  18  1:07  Probe (Chrono Boost)  
  19  1:18  Probe (Chrono Boost)  
  20  1:24  Nexus  
  20  1:28  Probe (Chrono Boost)  
  21  1:37  Cybernetics Core  
  21  1:40  Probe (Chrono Boost)  
  22  1:47  Assimilator  
  22  1:51  Probe (Chrono Boost)  
  23  1:55  Pylon  
  23  2:13  Probe (Chrono Boost), Adept (Chrono Boost)  
  23  2:15  Warp Gate  
  26  2:21  Twilight Council  
  26  2:25  Probe  
  27  2:37  Probe x2, Stalker (Chrono Boost)  
  31  2:47  Mothership Core  
  31  2:49  Probe  
  34  3:01  Probe  
  35  3:06  Pylon, Probe  
  35  3:09  Adept (Chrono Boost)  
  38  3:13  Probe  
  38  3:16  Resonating Glaives (Chrono Boost)  
  38  3:17  Probe  
  40  3:25  Probe  
  41  3:28  Probe  
  41  3:31  Gateway  
  42  3:34  Gateway  
  42  3:37  Probe  
  42  3:40  Probe, Gateway  
  42  3:49  Probe  
  42  3:50  Probe  
  44  3:57  Pylon  
  44  4:01  Probe x2  
  46  4:12  Probe  
  47  4:20  Probe  
  47  4:22  Probe  
  47  4:24  Assimilator  
  47  4:32  Probe, Adept  
  47  4:33  Adept  
  47  4:34  Probe, Adept x2  
  57  4:43  Nexus  
  57  4:44  Probe  
  57  4:45  Pylon  
  58  4:49  Probe  
  59  4:54  Pylon x2  
  59  4:56  Probe  
  59  4:57  Adept  
  62  5:02  Dark Shrine  
  62  5:05  Adept x3  
  68  5:12  Probe  
  69  5:15  Stargate x2  
  69  5:16  Probe  
  69  5:18  Assimilator  
  70  5:24  Probe  
  70  5:26  Probe  
  72  5:37  Probe  
  72  5:38  Probe  
  68  5:48  Probe  
  67  5:50  Probe, Adept x3  
  67  5:51  Adept  
  67  5:54  Pylon  
  67  5:55  Probe  
  77  5:59  Probe  
  77  6:02  Probe  
  75  6:05  Probe, Void Ray x2 (Chrono Boost)  
  80  6:11  Pylon  
  80  6:15  Dark Templar  
  82  6:20  Dark Templar  
  82  6:23  Adept  
  86  6:31  Adept  
  88  6:33  Probe  
  88  6:35  Probe  
  88  6:37  Probe  
  89  6:43  Void Ray (Chrono Boost)  
  93  6:49  Dark Templar  
  93  6:52  Probe  
  95  6:54  Probe  
  95  6:55  Probe  
  96  7:04  Probe  
  96  7:08  Probe, Void Ray (Chrono Boost)  
  99  7:09  Probe  
  101  7:17  Probe  
  101  7:19  Probe  
  101  7:20  Probe  
  102  7:23  Assimilator x2  
  102  7:24  Pylon  
  102  7:25  Charge  
  102  7:26  Gateway  
  102  7:27  Pylon  
  102  7:29  Gateway  
  102  7:31  Gateway  
  102  7:33  Void Ray (Chrono Boost)  
  102  7:35  Gateway  
  106  7:38  Forge  
  106  7:40  Pylon  
  106  7:50  Void Ray (Chrono Boost), Nexus  
  110  7:51  Pylon  
  110  7:57  Pylon  
  110  8:00  Fleet Beacon  
  110  8:06  Zealot x4  
  110  8:08  Pylon  
  110  8:10  Probe  
  123  8:25  Protoss Ground Weapons Level 1  
  123  8:29  Probe  
  123  8:30  Probe  
  125  8:38  Probe  
  125  8:41  Probe  
  121  8:47  Graviton Catapult, Carrier (Chrono Boost)  
  121  8:48  Carrier (Chrono Boost)  
  129  8:52  Zealot x2  
  129  8:53  Zealot x2  
  129  8:55  Photon Cannon  
  137  8:56  Photon Cannon  
  137  8:58  Pylon  
  119  9:11  Zealot x4  
  119  9:13  Dark Templar x2  
  119  9:15  Dark Templar x2  
  135  9:18  Assimilator  
  135  9:20  Archon x2  
  135  9:24  Probe  
  136  9:27  Photon Cannon  
  136  9:31  Photon Cannon  
  136  9:32  Photon Cannon  
  136  9:36  Pylon  
  136  9:37  Zealot x4  
  144  9:39  Stargate  
  144  9:42  Assimilator  
  144  9:46  Photon Cannon  
  144  9:47  Photon Cannon  
  144  9:48  Probe  
  145  10:00  Pylon  
  145  10:02  Carrier (Chrono Boost)  
  145  10:03  Pylon  
  145  10:04  Adept x3  
  163  10:09  Probe  
  163  10:12  Protoss Air Weapons Level 1  
  164  10:24  Carrier (Chrono Boost)  
  170  10:30  Probe  
  173  10:36  Carrier (Chrono Boost)  
  173  10:38  Protoss Ground Weapons Level 2  
  173  10:41  Photon Cannon, Pylon  
  161  10:54  Pylon  
  161  10:55  Zealot, Dark Templar x2  
  161  10:56  Zealot x5  
  173  11:15  Nexus, Archon  
  173  11:16  Pylon  
  173  11:18  Photon Cannon  
  173  11:19  Assimilator  
  173  11:23  Templar Archives, Assimilator  
  173  11:25  Dark Templar x3  
  179  11:26  Dark Templar  
  179  11:27  Zealot x4  
  179  11:30  Archon  
  179  11:31  Archon  
  189  11:39  Carrier (Chrono Boost)  
  195  12:05  Zealot x2  
  195  12:06  Zealot x4  
  197  12:16  Robotics Facility  
  189  12:46  Zealot  
  189  12:47  Zealot x7  
  191  12:56  Probe  
  192  13:16  Zealot x2  
  192  13:17  Zealot x5  
  167  13:29  High Templar  
Tags
 
Add a new tag
Caveats
  • Supply blocks, unpowered buildings, or Contaminate may cause inaccurate times.
  • Supply counts are checked every 10 seconds.